AoeStats
← yaximi

Lombardia

507710351Analyzed
4v4 RM · 13d ago on Sep 19, 2026· 10m 59s· 8 players
Game mode
Random Map
Map size
Large (8 player)
Population
200
Speed
Normal
Resources
Standard
Victory
Conquest
Starting age
Dark Age
Ending age
Imperial Age
RankedLock teamsTeams togetherTeam positionsShared explorationLock speedFull tech treeHidden civsTurbo modeCheats
Victory
Defeat
🇨🇳 Romans · China
1939
+5
🇨🇳 Dravidians · China
1931
+5
🇨🇳 Sicilians · China
1803
+9
🇨🇳 Bohemians · China
1690
+13
🇭🇰 Koreans · Hong Kong SAR China
1696
-10
🇹🇼 Italians · Taiwan
1642
-8
🇨🇳 Teutons · China
1632
-7
🇨🇳 Cumans · China
1622
-7
鼠條
12:14 Feudal Age
yaximi
10:30 Feudal Age
Allen
11:46 Feudal Age
Xun
8:34 Feudal Age
9:05 Double-Bit Axe
10:43 Horse Collar
邪恶菜菜虎
4:56 Loom
11:26 Feudal Age
RTMaxwell
8:49 Feudal Age
9:21 Double-Bit Axe
9:34 Horse Collar
CNZS_CC
7:22 Loom
9:51 Feudal Age
10:46 Feudal Age
OX
10:57 Feudal Age
Connection lost

Rejoining the realm…

Still unreachable

The connection could not be restored.

Session expired

The server has moved on; the page needs a fresh start.